Map: Ulzaan

Players

Quan - Winner!

  • Race: Protoss Protoss
  • Spawn Location: 3:00

Kevin - Winner!

  • Race: Terran Terran
  • Spawn Location: 1:00

Seph

  • Race: Zerg Zerg
  • Spawn Location: 9:00

gujoe

  • Race: Protoss Protoss
  • League: Bronze
  • Spawn Location: 11:00

VOD

Have the link to the VOD?

Description

Time

  • Played on: Feb. 13, 2019, 8:21 p.m.
  • Length: 10:07
Show
View Real Time Build Order
Export as new Build Order

Quan Protoss - Winner!

Build Orders: 1 Gate Expand 

Get SALT Encoding   

  1  0:00  Probe  
  12  0:05  Probe  
  14  0:15  Probe  
  15  0:22  Pylon  
  15  0:42  Gateway  
  15  0:52  Assimilator  
  15  0:53  Probe  
  16  1:06  Probe  
  17  1:15  Probe  
  18  1:27  Nexus  
  18  1:38  Cybernetics Core  
  18  1:45  Pylon  
  18  1:54  Probe, Assimilator  
  19  2:05  Assimilator  
  19  2:07  Probe  
  19  2:15  Probe  
  20  2:21  Protoss Air Weapons Level 1  
  21  2:24  Probe  
  22  2:36  Probe  
  23  2:38  Pylon  
  23  2:39  Probe  
  24  2:47  Probe  
  25  2:56  Probe  
  25  2:58  Stargate  
  26  3:07  Probe  
  27  3:15  Probe  
  28  3:23  Probe, Assimilator  
  28  3:28  Stargate  
  28  3:33  Pylon  
  29  3:34  Probe  
  30  3:45  Probe  
  30  3:47  Void Ray  
  35  3:53  Probe  
  35  4:01  Probe  
  37  4:13  Probe  
  38  4:21  Void Ray  
  42  4:25  Probe  
  43  4:35  Probe  
  43  4:36  Void Ray  
  48  4:43  Probe  
  48  4:51  Probe  
  49  4:54  Protoss Air Armor Level 1  
  50  5:03  Probe  
  51  5:07  Void Ray  
  55  5:16  Probe  
  56  5:28  Void Ray, Probe  
  61  5:37  Stargate  
  61  5:39  Probe  
  62  5:48  Assimilator  
  62  5:58  Pylon  
  62  6:04  Pylon  
  62  6:08  Pylon  
  62  6:13  Pylon  
  62  6:16  Probe  
  62  6:17  Void Ray  
  67  6:28  Probe  
  67  6:30  Void Ray  
  72  6:40  Probe  
  73  6:50  Fleet Beacon  
  73  6:52  Probe  
  74  6:55  Void Ray  
  78  7:06  Void Ray  
  82  7:16  Probe  
  82  7:20  Assimilator  
  83  7:25  Void Ray  
  83  7:28  Probe  
  88  8:03  Void Ray  
  92  8:53  Pylon  
  92  9:04  Pylon  
  92  9:06  Pylon  
  92  9:12  Pylon  
  92  9:15  Pylon  
  92  9:22  Void Ray x2  
  100  9:24  Void Ray  
  104  9:38  Pylon  
  104  9:40  Pylon  
  104  9:45  Pylon  
  104  9:48  Pylon  
Show
View Real Time Build Order
Export as new Build Order

Kevin Terran - Winner!

Build Orders:  

Get SALT Encoding   

  12  0:13  SCV  
  13  0:18  Supply Depot  
  13  0:25  SCV  
  14  0:45  Barracks  
  14  0:50  SCV  
  14  0:51  Refinery  
  15  1:00  Refinery  
  15  1:03  SCV  
  16  1:14  Engineering Bay  
  16  1:15  SCV  
  17  1:27  SCV  
  18  1:39  SCV  
  19  1:41  Supply Depot  
  19  1:52  Barracks Reactor  
  19  2:00  Terran Infantry Weapons Level 1  
  19  2:01  SCV  
  20  2:13  SCV  
  21  2:26  SCV  
  21  2:29  Marine x2  
  24  2:38  SCV  
  25  2:46  Factory, Marine  
  25  2:47  Marine  
  25  2:50  SCV  
  28  2:58  Barracks  
  28  3:01  Supply Depot  
  28  3:04  Marine  
  29  3:09  SCV  
  30  3:16  Supply Depot  
  30  3:33  Starport  
  30  3:40  Supply Depot  
  30  3:45  Barracks Reactor  
  30  3:50  Marine x2  
  30  3:55  Terran Infantry Armor Level 1  
  32  4:00  Supply Depot  
  32  4:08  Marine x2  
  34  4:12  Armory  
  34  4:16  Medivac  
  36  4:41  Marine x2  
  36  4:43  Supply Depot  
  38  4:46  Medivac  
  38  4:47  Marine  
  38  4:48  Marine  
  42  5:09  Supply Depot  
  42  5:16  Medivac, Marine  
  42  5:18  Marine  
  46  5:30  Marine  
  46  5:35  Marine  
  47  5:36  Marine x2  
  50  5:46  Medivac  
  50  5:48  Terran Infantry Weapons Level 2, Marine  
  53  5:53  Marine  
  53  5:54  Marine x2  
  56  6:06  Marine  
  57  6:16  Medivac  
  59  6:18  Marine  
  59  6:19  Marine x2  
  59  6:23  Marine  
  63  6:36  Marine x2  
  63  6:37  Marine  
  66  6:41  Marine  
  67  6:54  Marine x3  
  67  6:59  Marine  
  71  7:12  Marine x3  
  74  7:17  Marine  
  75  7:30  Marine x3  
  75  7:35  Marine  
  79  7:48  Marine  
  78  8:12  Marine x2  
  79  8:44  Supply Depot  
  79  8:46  Supply Depot  
  79  8:47  Marine, Supply Depot  
  79  8:48  Supply Depot x2  
  79  8:49  Marine  
  79  8:51  Marine  
  79  9:07  Marine x2  
  79  9:09  Marine  
  78  9:19  Marine  
  68  9:25  Marine  
  68  9:27  Marine  
  64  9:43  Marine  
  64  9:44  Marine  
Show
View Real Time Build Order
Export as new Build Order

Seph Zerg 

Build Orders: Pool First 

Get SALT Encoding   

  12  0:02  Drone  
  13  0:16  Drone  
  14  0:21  Extractor  
  13  0:33  Overlord x2  
  13  0:36  Drone  
  14  0:56  Spawning Pool  
  13  1:05  Drone x2  
  13  1:08  Drone  
  16  1:16  Drone  
  17  1:27  Drone  
  18  1:33  Evolution Chamber  
  17  1:48  Drone  
  17  1:53  Drone  
  19  1:55  Hatchery  
  18  2:02  Queen  
  18  2:07  Drone  
  21  2:11  Drone  
  22  2:21  Drone  
  23  2:31  Spine Crawler  
  23  2:34  Drone  
  23  2:38  Pneumatized Carapace  
  23  2:51  Zerg Missile Weapons Level 1, Roach Warren  
  22  3:04  Drone x3  
  25  3:05  Spore Crawler  
  24  3:33  Drone  
  24  3:34  Drone x2  
  27  3:36  Queen  
  29  3:56  Extractor  
  29  3:57  Extractor, Drone x2  
  29  4:06  Roach  
  29  4:07  Roach x2  
  35  4:23  Lair  
  35  4:32  Drone  
  35  4:36  Overlord x4  
  35  4:37  Overlord  
  36  4:45  Zerg Ground Armor Level 1  
  36  5:15  Evolution Chamber  
  36  5:18  Extractor  
  34  5:25  Drone x6  
  40  5:41  Drone  
  41  5:43  Drone  
  41  5:47  Drone x3  
  45  5:53  Drone  
  45  5:54  Drone  
  47  5:58  Drone x5  
  52  6:04  Burrow  
  52  6:11  Spire  
  51  6:21  Nydus Network  
  51  6:25  Drone  
  51  6:28  Drone  
  51  6:31  Roach  
  54  6:37  Roach x3  
  54  6:38  Roach  
  62  7:14  Infestation Pit  
  61  7:19  Roach x4  
  61  7:20  Roach x2  
  73  7:23  Lair  
  73  7:48  Spire  
  72  7:55  Mutalisk  
  72  7:57  Mutalisk  
  76  8:08  Overlord  
  76  8:09  Overlord x6  
  76  8:10  Overlord  
Show
View Real Time Build Order
Export as new Build Order

gujoe Protoss 

Build Orders:  

Get SALT Encoding   

  12  0:01  Probe  
  13  0:13  Probe  
  14  0:25  Probe  
  15  0:30  Pylon  
  15  0:48  Probe  
  16  0:52  Gateway  
  16  0:57  Forge  
  16  1:00  Probe  
  17  1:15  Assimilator  
  17  1:16  Probe  
  18  1:41  Probe  
  18  1:43  Photon Cannon  
  18  1:44  Photon Cannon  
  19  1:54  Cybernetics Core  
  19  1:58  Pylon  
  19  2:20  Probe  
  20  2:31  Warp Gate  
  20  2:32  Probe  
  21  2:42  Nexus  
  22  2:44  Probe  
  22  2:56  Twilight Council, Probe  
  23  3:08  Probe  
  23  3:10  Assimilator  
  24  3:14  Zealot  
  26  3:29  Gateway  
  26  3:30  Gateway  
  26  3:34  Gateway  
  26  3:52  Charge  
  26  3:54  Probe  
  27  4:06  Probe  
  28  4:26  Probe  
  29  4:32  Pylon  
  29  4:35  Assimilator  
  29  4:38  Probe  
  29  4:40  Assimilator  
  29  4:42  Zealot x3  
  29  4:44  Pylon  
  36  4:46  Pylon  
  36  4:51  Probe  
  37  4:57  Gateway  
  37  5:00  Pylon  
  37  5:05  Pylon  
  37  5:06  Protoss Ground Weapons Level 1  
  37  5:12  Blink  
  37  5:13  Probe  
  38  5:47  Gateway x2  
  38  5:51  Zealot  
  38  5:52  Zealot  
  38  5:56  Zealot  
  44  6:00  Gateway, Zealot  
  46  6:17  Forge  
  46  6:19  Probe  
  47  6:32  Probe  
  48  6:44  Probe  
  49  6:47  Pylon  
  49  6:53  Dark Shrine  
  49  6:56  Probe  
  50  7:08  Probe, Robotics Facility  
  51  7:10  Pylon  
  51  7:14  Stalker x4  
  51  7:15  Stalker x2  
  63  7:19  Sentry x2  
  57  7:48  Stalker x3  
  61  7:59  Zealot x2  
Tags
 
Add a new tag
Caveats
  • Supply blocks, unpowered buildings, or Contaminate may cause inaccurate times.
  • Supply counts are checked every 10 seconds.